Unix NetHack Version 5.0.0-0 post-release - last build Jun 10 2026 00:39:30 (3ee93aec679c4c4259841fe613dc97188e26a321,branch:main).

Game began 2026-06-21 08:57:58, ended 2026-06-21 09:33:01.

Eymerich, chaotic male elven Priest

  -------
  |.....-######-----------                                    ------------
  |.....|     #|.%.......|             --------------         |.<.....(..|
  |......    ##|..........###fa@      #-............|         |..........|
  -.-----     #|.........|#           #|.............#########-..........|
   ###        #---------.-#           #|............|#   #####|..........|
     ######## #######%###########     #|............|#       #...........|
            ###    ####   #           #--------------#        ------------
              #  ###      #           #          #####
           #######        #           #
      -----|-----.---     #           #
      |.............|     #           #                    #######
      |.............|     ##          #                     -----.----
      |.............|      #          #                     |........|
      |.............|      #----------#                 ####.........|
      |.>...........|      #|........|#         #########   |........|
      ---------------      #-........-###########           ----------
                            |........|
                            ----------

Eymerich the Acolyte         St:13 Dx:14 Co:14 In:8 Wi:19 Ch:7  Chaotic
Dlvl:3  $:159 HP:0(32) Pw:61(66) AC:7  Xp:5 T:2105 

Latest messages:
 You kill the fox!
 You see here a fox corpse.
 Autopickup: ON, for all objects.
 In what direction?
 #
 Talk to whom? (in what direction)
 Puffa purrs.
 There is a fox corpse here; eat it? [ynq] (n)
 This fox corpse tastes okay.
 You finish eating the fox corpse.
 The wererat hits!
 The wererat hits!
 Puffa misses the wererat.
 What do you want to zap? [kCG or ?*]
 In what direction?
 The wererat hits!
 You kill the wererat!
 You have much trouble lifting a wererat corpse.  Continue? [ynq] (q)
 You have much trouble lifting a wererat corpse.  Continue? [ynq] (q)
 I - a blessed pink potion.
 You see here a wererat corpse.
 #
 #
 Autopickup: OFF.
 You have much trouble lifting a wererat corpse.  Continue? [ynq] (q)
 You see here a wererat corpse.
 What do you want to use or apply? [knCG or ?*]
 Sorry, I don't know how to use that.
 Puffa misses the giant ant.
 You hear some noises in the distance.
 The giant ant bites!
 You hit the giant ant!
 The giant ant bites!
 Puffa misses the giant ant.
 You miss the giant ant.
 The giant ant bites!
 Puffa misses the giant ant.
 Puffa misses the giant ant.
 The air around you begins to shimmer with a golden haze.
 The giant ant bites!
 Puffa misses the giant ant.
 The giant ant bites!
 Puffa misses the giant ant.
 Are you waiting to get hit?  Use 'm' prefix to force a no-op (to rest).
 You miss the giant ant.
 The giant ant bites!
 Puffa misses the giant ant.
 The giant ant bites!
 You die...
 Do you want your possessions identified? [ynq] (y)

Inventory:
 Coins    ('$')
  $ - 159 gold pieces
 Weapons  (')')
  A - a +0 bow
  j - 2 +0 darts
  y - 2 +0 daggers
  a - a blessed +1 mace (weapon in right hand)
 Armor    ('[')
  b - a +0 robe
 Comestibles  ('%')
  x - a slime mold
  e - a clove of garlic
  n - a cream pie
  m - a food ration
  f - a sprig of wolfsbane
  v - 2 lichen corpses
 Scrolls  ('?')
  w - a scroll of remove curse
 Potions  ('!')
  q - a blessed potion of fruit juice
  I - a blessed potion of full healing
  l - a potion of gain level
  H - a potion of sickness
  d - 4 potions of holy water
 Wands    ('/')
  k - a wand of cold (0:6)
  G - a wand of digging (0:7)
  C - a wand of striking (0:3)

Eymerich the Priest's attributes:

Background:
 You were an Acolyte, a level 5 elven Priest.
 You were chaotic, on a mission for Loki
 who was opposed by Tyr (lawful) and Odin (neutral).
 You were right-handed.
 You were in the Dungeons of Doom, on level 3.
 You entered the dungeon 2105 turns ago.
 You had 198 experience points, 122 more were needed to attain level 6.

Basics:
 You had 0 out of 32 hit points.
 You had 61 out of 66 energy points (spell power).
 Your armor class was 7.
 Your wallet contained 159 zorkmids.
 Autopickup was off.

Final Characteristics:
 Your strength was 13 (limit:18).
 Your dexterity was 14 (limit:18).
 Your constitution was 14 (limit:16).
 Your intelligence was 8 (limit:20).
 Your wisdom was 19 (limit:20).
 Your charisma was 7 (limit:18).

Final Status:
 You weren't hungry.
 You were unencumbered.
 You were wielding a mace.
 You had basic skill with mace.
 You weren't wearing any armor.

Final Attributes:
 You were piously aligned.
 You were sleep resistant.
 You were telepathic.
 You had infravision.
 You had a small defense bonus (+3).
 You were warded.
 You are dead.

Miscellaneous:
 You didn't encounter any bones levels.
 Total elapsed playing time was 35 minutes and 2 seconds.

Major events:
 Turn
    1: Eymerich the chaotic elven Priest entered the dungeon
 1003: attained the rank of Acolyte (level 3)
 2105: killed by a giant ant

Spells:
 Name                 Level Category     Fail Retention
 protection             1   clerical       0%   81%-90%
 light                  1   clerical       0%   81%-90%

Skills:
 Fighting Skills
   bare handed combat [Unskilled]
 Weapon Skills
   club               [Unskilled]
   mace               [Basic]
   morning star       [Unskilled]
   flail              [Unskilled]
   hammer             [Unskilled]
   quarterstaff       [Unskilled]
   polearms           [Unskilled]
   spear              [Unskilled]
   trident            [Unskilled]
   lance              [Unskilled]
   bow                [Unskilled]
   sling              [Unskilled]
   crossbow           [Unskilled]
   dart               [Unskilled]
   shuriken           [Unskilled]
   boomerang          [Unskilled]
   unicorn horn       [Unskilled]
 Spellcasting Skills
   healing spells     [Unskilled]
   divination spells  [Unskilled]
   clerical spells    [Basic]

Voluntary challenges:
 Character rerolling was not enabled.
 You were illiterate.
 You never genocided any monsters.
 You never polymorphed an object.
 You used no wishes.
Achievements:
 You entered a shop.
 You attained the rank of Acolyte.

 The Dungeons of Doom: levels 1 to 3
    Level 1: "vault"
    Level 2:
       A general store.
    Level 3: "locked box" <- You were here.
       Final resting place for
          you, killed by a giant ant.


Vanquished creatures:
  a ghost
  a floating eye
  a wererat
  a werejackal
 an iguana
  2 acid blobs
  a hobbit
  a hobgoblin
  a gecko
  a jackal
  3 foxes
  a kobold
  2 goblins
  3 grid bugs
  3 lichens
  4 newts
27 creatures vanquished.

No species were genocided or became extinct.

Game over:
                       ----------
                      /          \
                     /    REST    \
                    /      IN      \
                   /     PEACE      \
                  /                  \
                  |     Eymerich     |
                  |      159 Au      |
                  |   killed by a    |
                  |    giant ant     |
                  |                  |
                  |                  |
                  |       2026       |
                 *|     *  *  *      | *
        _________)/\\_//(\/(/\)/\//\/|_)_______

Goodbye Eymerich the Priest...

You died in The Dungeons of Doom on dungeon level 3 with 1300 points,
and 159 pieces of gold, after 2105 moves.
You were level 5 with a maximum of 32 hit points when you died.

